 Dungeon Crawl Stone Soup version 0.28.0-47-ge53b351184 (webtiles) character file.

Game seed: 5194889099544460991

57 Cak3Hol3 the Skirmisher (level 4, -6/40 HPs)
             Began as a Hill Orc Fighter on May 4, 2022.
             Was a Believer of Lugonu.
             Killed by divine providence
             ... invoked by an orc priest
              (13 damage)
             ... on level 2 of the Dungeon.
             The game lasted 00:06:43 (1492 turns).

Cak3Hol3 the Skirmisher (Hill Orc Fighter)          Turns: 1492, Time: 00:06:44

Health: -6/40      AC:  7    Str: 20    XL:     4   Next: 0%
Magic:  3/4        EV:  9    Int:  8    God:    Lugonu [**....]
Gold:   39         SH:  4    Dex: 10    Spells: 3/3 levels left

rFire   . . .      SeeInvis .   a - +0 war axe
rCold   . . .      Faith    .   c - +0 buckler
rNeg    . . .      Spirit   .   b - +0 scale mail
rPois   .          Reflect  .   (no helmet)
rElec   .          Harm     .   (no cloak)
rCorr   .          Rampage  .   (no gloves)
Will    .....                   (no boots)
Stlth   ..........              (no amulet)
HPRegen 0.13/turn               (no ring)
MPRegen 0.09/turn               (no ring)

@: no status effects
A: no striking features
a: Renounce Religion, Convert to Beogh, Depart the Abyss, Bend Space


You were on level 2 of the Dungeon.
You worshipped Lugonu.
Lugonu was pleased with you.
You visited 1 branch of the dungeon, and saw 2 of its levels.

You collected 39 gold pieces.

Inventory:

Hand Weapons
 a - a +0 war axe (weapon)
 n - a +0 hand axe
Armour
 b - a +0 scale mail (worn)
 c - a +0 buckler (worn)
Scrolls
 e - a scroll of holy word {unknown}
 f - 2 scrolls of amnesia {unknown}
 g - 4 scrolls of enchant armour {unknown}
 h - a scroll of fog {unknown}
 k - a scroll of acquirement {unknown}
 m - a scroll of enchant weapon {unknown}
Potions
 d - a potion of might
 i - a potion of ambrosia {unknown}
 j - a potion of brilliance {unknown}
 l - a potion of mutation {unknown}


   Skills:
 + Level 4.2 Fighting
 + Level 3.6 Axes
 + Level 3.8 Armour
 + Level 3.9 Shields


You had 3 spell levels left.
You didn't know any spells.
Your spell library contained the following spells:

 Spells                   Type           Power      Damage    Failure   Level
 Corpse Rot               Necr/Air       0%         N/A       94%         2
 Poisonous Vapours        Pois/Air       0%         N/A       94%         2
 Sublimation of Blood     Necr           0%         N/A       94%         2
 Petrify                  Tmut/Erth      0%         N/A       100%        4
 Irradiate                Conj/Tmut      0%         3d13      100%        5


Dungeon Overview and Level Annotations

Branches:
Dungeon (2/15)

Altars:
Lugonu

Shops:
D:2 (==[


Message History

You feel sick. The orc barely misses you.
You feel sick.
You feel sick.
You feel sick.
You are no longer poisoned.
You barely miss the orc. You block the orc's attack.
The orc priest miscasts a cantrip.
The orc priest shouts, "Join the one true god or die!"
You slash the orc!
You kill the orc!
Lugonu accepts your kill.
You closely miss the orc. You block the orc's attack.
You hit the orc but do no damage. The orc hits you with a +0 dagger.
* * * LOW HITPOINT WARNING * * *
You hit the orc.
The orc is almost dead.
The orc barely misses you. The orc closely misses you.
You hit the orc.
You kill the orc!
Lugonu accepts your kill. You block the ball python's attack.
The ball python barely misses you.
You barely miss the ball python. The ball python bites you.
* * * LOW HITPOINT WARNING * * *
The ball python grabs you. The ball python constricts you.
* * * LOW HITPOINT WARNING * * *
The orc priest looks satisfied for a moment.
The ball python bites you but does no damage.
The ball python constricts you.
You slash the ball python!
You kill the ball python!
Lugonu accepts your kill.
You have reached level 4!
Space bends around you!
You blink.
You start resting.
An orc is nearby!
You hit the orc.
The orc is heavily wounded.
The orc priest mumbles some strange prayers to Beogh against you.
Beogh smites you!
You die...

####.###......#...............
......###..##..######........##
.....................#.#.###..#
............#########..∩..# #..#
....................>.#.#.# #..#
...........########.......# #..#.
...........# #..........# #..#.
...........# #.##.......# #..#.
...........# #@##.#.##### #....
...........# #.o..#.########...
...........# ####o........##...
..........†########.###.....##...
..######...†.........##.....##...
#...).........###.#####..#
#..<............#.........
#...........^.#o##########
#†............#o#


You could see an orc priest and an orc.

Vanquished Creatures
  An adder (D:2)
  A worm (D:2)
  2 dart slugs (D:1)
  3 orcs (D:2)
  6 bats
  4 endoplasms
  2 giant cockroaches
  2 hobgoblins
  3 kobolds
  5 ball pythons
  2 frilled lizards (D:1)
  3 goblins
  A rat (D:2)
35 creatures vanquished.

Notes
Turn   | Place    | Note
-------+----------+-------------------------------------------
     0 | D:1      | Cak3Hol3 the Hill Orc Fighter began the quest for the Orb.
     0 | D:1      | Reached XP level 1. HP: 19/19 MP: 1/1
   180 | D:1      | Reached XP level 2. HP: 13/27 MP: 2/2
   746 | D:1      | Reached skill level 4 in Fighting
   786 | D:1      | Found a faded altar of an unknown god.
   798 | D:1      | Prayed at the altar of an unknown god.
   798 | D:1      | Became a worshipper of Lugonu the Unformed
   798 | D:1      | Reached * piety under Lugonu
   798 | D:1      | Reached ** piety under Lugonu
  1065 | D:2      | Found Xauliz's Weapon Shop.
  1070 | D:2      | Reached XP level 3. HP: 33/33 MP: 3/3
  1218 | D:2      | Found Kekhuoce's Jewellery Shoppe.
  1320 | D:2      | Found Huis's Armour Shop.
  1368 | D:2      | Found Xaiqiv's Jewellery Emporium.
  1483 | D:2      | Reached XP level 4. HP: 8/40 MP: 4/4
  1492 | D:2      | Killed from afar by an orc priest

Illustrated notes

Levels and vault maps discovered:
D:1:      dpeg_arrival_simpleton_c, layout_loops_corners, basic_ecumenical_altar
D:2:      layout_basic, serial_shops, shop, shop, nicolae_shop_statue_plus,
          nicolae_shop_crystal

Skill      XL: |  1  2 |
---------------+-------+-----
Axes           | 3 |  3.6
Fighting       | 4 |  4.2
Armour         | |  3.8
Shields        | |  3.9

Action                   |  1- 3 |  4- 6 || total
-------------------------+-------+-------++-------
Melee: War axe           |    85 |     1 ||    86
Invok: Bend Space        |       |     1 ||     1
Armor: Scale mail        |    50 |       ||    50
Dodge: Dodged            |    46 |       ||    46
Block: Buckler           |    20 |       ||    20
